Map: Acid Plant LE

Players

Namshar

  • Race: Zerg Zerg
  • League: Master
  • Spawn Location: 5:00

MarineLorD - Winner!

  • Race: Terran Terran
  • League: Master
  • Spawn Location: 11:00

Event: HomeStory Cup XVIII

VOD

Have the link to the VOD?

Description

Time

  • Played on: Nov. 22, 2018, 9:37 a.m.
  • Length: 32:09

All games in this series

Show
View Real Time Build Order
Export as new Build Order

Namshar Zerg 

Build Orders: Pool First 

Get SALT Encoding   

  12  0:00  Drone  
  13  0:12  Overlord  
  13  0:17  Drone  
  14  0:30  Drone x2  
  14  0:34  Drone  
  17  0:45  Spawning Pool  
  17  0:46  Drone  
  17  1:07  Hatchery  
  17  1:11  Extractor, Drone  
  15  1:15  Drone  
  17  1:33  Queen, Zergling x4  
  21  1:41  Overlord  
  21  1:50  Drone  
  22  2:00  Drone  
  23  2:09  Queen  
  23  2:11  Metabolic Boost  
  23  2:13  Drone  
  26  2:19  Drone  
  26  2:21  Drone  
  28  2:34  Hatchery  
  27  2:37  Drone  
  27  2:39  Drone  
  27  2:42  Drone  
  30  2:45  Drone  
  30  2:49  Overlord  
  31  2:52  Drone  
  31  2:55  Drone  
  33  3:01  Drone, Overlord  
  33  3:04  Drone  
  35  3:10  Drone  
  35  3:12  Queen  
  38  3:20  Queen  
  38  3:22  Drone  
  38  3:23  Drone  
  42  3:28  Drone x3  
  45  3:34  Zergling x2  
  45  3:35  Zergling x2  
  45  3:51  Drone x2  
  45  3:52  Drone x7  
  54  4:02  Queen  
  55  4:04  Overlord  
  55  4:11  Overlord x2  
  55  4:21  Overlord  
  55  4:24  Drone x2  
  55  4:28  Overlord x2  
  55  4:29  Queen  
  55  4:30  Zergling x2  
  55  4:31  Zergling x6  
  63  4:35  Zergling x6  
  66  4:40  Zergling x4  
  66  4:41  Drone x3  
  71  4:46  Spore Crawler  
  71  4:48  Spore Crawler  
  71  4:50  Baneling Nest  
  69  4:52  Drone  
  69  4:53  Spore Crawler  
  69  4:57  Drone x2  
  70  5:02  Drone  
  70  5:03  Overlord  
  70  5:05  Drone x3  
  74  5:12  Drone x6  
  80  5:15  Queen  
  80  5:20  Lair  
  82  5:23  Spore Crawler  
  82  5:25  Spore Crawler  
  82  5:27  Spore Crawler  
  79  5:29  Extractor  
  79  5:30  Extractor  
  79  5:33  Queen  
  79  5:35  Evolution Chamber  
  78  5:37  Baneling  
  78  5:38  Evolution Chamber, Baneling x3  
  78  5:40  Drone  
  78  5:41  Extractor, Drone x2  
  78  5:42  Drone  
  75  5:59  Zergling x2  
  75  6:00  Queen, Zergling x14  
  72  6:05  Zergling x4  
  72  6:12  Drone x9  
  80  6:19  Queen  
  80  6:22  Extractor, Drone x4  
  80  6:23  Extractor  
  84  6:33  Centrifical Hooks  
  84  6:38  Drone  
  85  6:40  Queen  
  85  6:41  Drone x2  
  85  6:43  Drone x3  
  92  6:52  Drone x3  
  92  6:53  Zerg Ground Armor Level 1  
  95  6:57  Zerg Melee Weapons Level 1  
  95  7:01  Hatchery  
  95  7:04  Drone  
  95  7:05  Queen  
  95  7:07  Hydralisk Den, Baneling x4  
  96  7:15  Queen  
  98  7:19  Overseer  
  98  7:27  Drone, Overlord x2, Hatchery  
  98  7:28  Overlord x3  
  97  7:45  Drone  
  97  7:46  Muscular Augments  
  97  7:48  Infestation Pit, Zergling x20  
  106  7:57  Drone x2  
  106  7:58  Drone  
  103  8:09  Drone x4  
  105  8:13  Drone x4  
  102  8:27  Hive  
  102  8:29  Drone x2  
  104  8:35  Drone  
  104  8:36  Drone x2  
  107  8:48  Queen, Zerg Missile Weapons Level 1  
  107  8:50  Extractor, Drone x2  
  107  8:51  Extractor, Drone, Spore Crawler  
  107  8:52  Hydralisk, Spine Crawler x2  
  107  8:53  Hydralisk x6  
  121  8:58  Grooved Spines  
  121  8:59  Hydralisk x4  
  121  9:00  Hydralisk x2  
  130  9:07  Overlord x4  
  130  9:24  Zerg Ground Armor Level 2  
  130  9:28  Baneling x2  
  130  9:29  Baneling x3  
  130  9:31  Hydralisk  
  130  9:32  Hydralisk x3  
  130  9:33  Hatchery  
  128  9:39  Hydralisk x3  
  128  9:40  Zergling x2  
  128  9:41  Zergling x2  
  134  9:46  Hydralisk x2  
  138  9:55  Hydralisk x4  
  146  10:00  Viper x2  
  146  10:04  Drone x5  
  157  10:19  Viper x2  
  163  10:28  Hydralisk x4  
  163  10:30  Overlord x3  
  163  10:32  Pneumatized Carapace  
  171  10:43  Drone  
  171  10:44  Spire  
  171  10:48  Drone x5  
  176  10:53  Hydralisk x5  
  176  10:55  Hydralisk  
  176  10:56  Zergling x14  
  195  11:07  Hydralisk  
  195  11:08  Zergling x4  
  195  11:09  Zerg Missile Weapons Level 2  
  193  11:22  Hydralisk x4  
  193  11:23  Hydralisk x3  
  181  11:30  Hydralisk x3  
  169  11:33  Hydralisk x2  
  169  11:34  Zergling x12  
  179  11:43  Drone x2  
  179  11:46  Hydralisk x3, Baneling  
  179  11:47  Zergling x4, Baneling x3  
  183  11:48  Zergling x4  
  191  12:03  Extractor  
  191  12:05  Extractor, Spore Crawler  
  191  12:07  Zerg Ground Armor Level 3  
  187  12:11  Hydralisk x2  
  187  12:12  Hydralisk, Zergling x2  
  187  12:13  Zergling x8  
  198  12:23  Spine Crawler  
  198  12:24  Drone x3, Spine Crawler  
  198  12:27  Baneling x3  
  195  12:47  Unknown  
  195  12:50  Hydralisk x4  
  195  12:51  Hydralisk  
  166  12:52  Viper x3  
  165  13:05  Hydralisk  
  165  13:06  Hydralisk x8  
  175  13:20  Hydralisk x5, Hatchery  
  175  13:25  Hatchery  
  183  13:28  Hydralisk  
  183  13:29  Hydralisk x3  
  191  13:37  Zerg Missile Weapons Level 3  
  187  13:57  Hydralisk  
  187  13:58  Hydralisk x5  
  199  14:09  Hydralisk x9  
  172  14:12  Zergling x2  
  172  14:13  Zergling x6  
  172  14:16  Hydralisk, Zergling x2  
  156  14:17  Zergling x2  
  156  14:24  Hydralisk x3  
  136  14:30  Viper x2  
  147  14:32  Viper  
  150  14:39  Baneling x3  
  150  14:40  Hydralisk x2  
  150  14:41  Zergling x10  
  159  14:46  Drone  
  159  14:49  Drone x2  
  159  14:50  Drone  
  159  14:52  Viper  
  166  14:59  Hydralisk x5  
  176  15:10  Zerg Melee Weapons Level 2  
  176  15:16  Spore Crawler  
  175  15:28  Drone  
  175  15:29  Drone x3  
  175  15:39  Baneling x9  
  175  15:44  Hydralisk, Greater Spire  
  175  15:45  Hydralisk x9  
  175  15:46  Zergling x2  
  175  15:47  Zergling x2  
  175  15:49  Zergling x4  
  191  16:04  Hydralisk x4  
  191  16:09  Queen  
  182  16:28  Hydralisk x2  
  182  16:29  Hydralisk x4  
  182  16:32  Corruptor x2  
  176  17:04  Corruptor x6  
  176  17:06  Brood Lord  
  190  17:14  Brood Lord  
  192  17:37  Brood Lord  
  192  17:38  Brood Lord  
  192  17:39  Zerg Flyer Weapons Level 1  
  192  17:40  Drone  
  192  17:41  Spire  
  198  17:51  Brood Lord x2  
  193  18:13  Brood Lord  
  193  18:14  Brood Lord  
  193  18:21  Spine Crawler  
  193  18:22  Spore Crawler  
  193  18:25  Spine Crawler, Zerg Melee Weapons Level 3  
  190  18:27  Hydralisk  
  190  18:28  Hydralisk x2, Zergling x2  
  197  18:35  Hatchery  
  194  18:56  Zerg Flyer Armor Level 1  
  194  18:58  Extractor  
  191  19:13  Unknown x2  
  178  19:20  Unknown  
  178  19:21  Queen x2  
  173  19:27  Viper x2  
  173  19:29  Corruptor  
  173  19:30  Corruptor x5  
  191  19:37  Hydralisk x2  
  195  19:44  Extractor  
  194  19:51  Spine Crawler x2  
  192  20:04  Brood Lord x3  
  192  20:05  Zerg Flyer Weapons Level 2  
  196  20:24  Brood Lord  
  198  20:34  Spore Crawler  
  197  20:38  Spore Crawler x2  
  197  20:40  Corruptor, Spore Crawler  
  184  20:57  Unknown  
  184  21:00  Hydralisk x6  
  167  21:07  Hydralisk x5  
  167  21:09  Hydralisk x5  
  167  21:10  Hydralisk x3  
  187  21:17  Hydralisk  
  198  21:30  Viper x4  
  198  21:32  Corruptor x3  
  192  21:48  Zerg Flyer Armor Level 2  
  192  21:50  Brood Lord x2  
  196  21:57  Extractor  
  196  21:59  Extractor  
  194  22:06  Brood Lord  
  195  22:13  Hatchery  
  189  22:17  Brood Lord  
  189  22:22  Spine Crawler x2  
  189  22:23  Brood Lord  
  151  22:52  Unknown  
  151  22:53  Hydralisk x4  
  151  22:54  Hydralisk x3  
  150  23:02  Hydralisk  
  150  23:03  Hydralisk x5  
  154  23:14  Viper x2  
  154  23:15  Viper  
  154  23:18  Hydralisk, Zergling x8  
  154  23:19  Queen, Zergling x14  
  176  23:20  Queen  
  170  23:36  Hydralisk, Zergling x2  
  170  23:37  Zergling x12  
  178  23:46  Hydralisk  
  178  23:47  Zergling x8  
  152  24:05  Hatchery  
  152  24:07  Queen  
  139  24:12  Extractor  
  139  24:13  Extractor, Spore Crawler  
  139  24:14  Spine Crawler  
  139  24:16  Drone x2  
  137  24:22  Queen x2  
  141  24:27  Drone x3  
  141  24:28  Spine Crawler  
  141  24:30  Hydralisk, Zergling x2  
  141  24:31  Zergling x12  
  151  24:32  Spine Crawler  
  151  24:42  Drone  
  151  24:43  Drone x10  
  156  24:46  Spine Crawler  
  156  24:47  Hydralisk x3, Zergling x2  
  156  24:48  Zergling x4  
  162  24:59  Unknown  
  151  25:18  Unknown  
  136  25:21  Hydralisk x6  
  126  25:30  Hydralisk x3  
  115  25:36  Queen  
  115  25:40  Queen  
  119  25:45  Extractor x2  
  119  25:47  Hydralisk x4  
  125  25:56  Drone x2  
  125  25:57  Drone x2  
  129  25:58  Drone x3  
  129  26:00  Hydralisk x2  
  129  26:01  Hydralisk  
  138  26:18  Hatchery  
  137  26:19  Viper  
  137  26:20  Hydralisk  
  137  26:21  Zergling x12  
  148  26:27  Hydralisk, Zergling x2  
  148  26:28  Zergling x6  
  148  26:31  Hydralisk, Zergling x2  
  146  26:40  Drone  
  146  26:41  Drone, Spine Crawler x2  
  140  27:13  Unknown  
  134  27:20  Hydralisk x5  
  142  27:44  Hydralisk x2  
  142  27:45  Hydralisk x5, Zergling x6  
  142  27:46  Viper x2  
  162  28:00  Drone x2, Spine Crawler  
  162  28:03  Baneling  
  162  28:04  Drone  
  162  28:05  Extractor, Drone x2  
  165  28:06  Extractor, Drone x3  
  167  28:18  Hydralisk  
  167  28:19  Hydralisk x4  
  171  28:20  Hatchery, Zergling x2  
  160  28:32  Hydralisk  
  160  28:33  Zergling x2  
  136  28:44  Hydralisk x2  
  102  29:14  Hydralisk  
  102  29:15  Hydralisk x8, Zergling x2  
  102  29:16  Zergling x2  
  100  29:24  Hydralisk  
  90  29:39  Viper  
  93  29:48  Hydralisk x4  
  101  30:03  Hydralisk x3  
  104  30:26  Drone x4  
  104  30:27  Hydralisk x5  
  118  30:30  Extractor  
  118  30:31  Extractor  
  118  30:34  Spine Crawler  
  102  30:54  Hydralisk x5  
  102  30:55  Zergling x8  
  98  31:12  Hydralisk  
  98  31:13  Hydralisk x3  
  100  31:24  Hydralisk  
  100  31:25  Hydralisk x2  
  102  31:30  Hydralisk, Zergling x2  
  85  31:42  Hydralisk x3  
  91  31:48  Zergling x2  
Show
View Real Time Build Order
Export as new Build Order

MarineLorD Terran - Winner!

Build Orders: Gas First Reaper Expand, Reaper Expand, Mech 

Get SALT Encoding   

  12  0:00  SCV  
  13  0:12  SCV  
  14  0:16  Supply Depot  
  14  0:24  SCV  
  15  0:32  Refinery  
  15  0:38  SCV  
  16  0:44  Barracks  
  16  0:50  SCV  
  17  1:02  SCV  
  18  1:14  SCV  
  19  1:30  Orbital Command  
  19  1:31  Reaper  
  20  1:41  Command Center  
  20  1:53  Factory  
  20  1:56  SCV  
  21  2:02  Refinery  
  21  2:08  SCV  
  22  2:09  Barracks Reactor  
  22  2:13  Supply Depot  
  22  2:20  SCV  
  23  2:35  SCV  
  24  2:47  Starport  
  24  2:48  SCV  
  24  2:50  Hellion x2  
  24  2:51  Barracks Tech Lab  
  29  2:55  Orbital Command  
  29  3:02  SCV  
  30  3:06  Refinery  
  30  3:14  Hellion x2  
  30  3:15  Marine  
  30  3:18  SCV  
  36  3:21  SCV  
  37  3:29  Viking  
  37  3:30  SCV  
  41  3:34  SCV  
  39  3:43  Hellion, SCV  
  39  3:46  SCV  
  43  3:55  Fusion Core, SCV  
  44  3:58  SCV  
  44  4:01  Supply Depot  
  45  4:07  SCV  
  45  4:10  SCV  
  46  4:18  Supply Depot  
  46  4:20  Supply Depot  
  46  4:22  SCV  
  46  4:23  Hellion x2  
  51  4:26  SCV  
  52  4:34  SCV  
  53  4:38  SCV  
  53  4:42  Battlecruiser  
  53  4:44  Hellion x2  
  64  4:47  SCV  
  64  4:50  Armory  
  65  4:53  SCV  
  65  4:59  Supply Depot, SCV  
  67  5:09  Hellion  
  67  5:10  SCV  
  67  5:13  Refinery  
  70  5:19  Supply Depot  
  70  5:20  SCV  
  70  5:21  Supply Depot, Hellion  
  73  5:23  SCV  
  74  5:33  Command Center, SCV  
  75  5:35  SCV  
  75  5:39  Hellion  
  78  5:45  SCV  
  78  5:48  SCV  
  74  5:57  SCV  
  74  5:58  Hellion  
  74  6:00  Hellion, SCV  
  74  6:09  SCV  
  74  6:10  Barracks Tech Lab  
  71  6:12  SCV  
  71  6:13  Factory  
  68  6:19  Hellion  
  68  6:21  SCV  
  68  6:22  Hellion  
  68  6:24  SCV  
  74  6:27  Factory  
  74  6:28  Starport Reactor  
  74  6:30  Terran Vehicle Weapons Level 1  
  74  6:33  Armory, SCV  
  74  6:36  SCV  
  74  6:38  Factory x2  
  76  6:45  SCV  
  76  6:46  Hellion x2  
  81  6:48  SCV  
  81  6:50  Engineering Bay  
  82  6:57  SCV  
  82  7:00  SCV  
  84  7:07  Supply Depot  
  84  7:09  SCV  
  84  7:12  SCV  
  84  7:14  Thor  
  84  7:15  Refinery  
  92  7:17  Refinery  
  92  7:18  Thor  
  92  7:21  Terran Vehicle And Ship Armor Level 1  
  98  7:26  SCV  
  98  7:28  SCV  
  98  7:29  Orbital Command  
  99  7:34  Factory Tech Lab, Factory Reactor  
  99  7:38  SCV  
  99  7:40  SCV  
  98  7:47  Hellion x2  
  98  7:50  SCV  
  95  7:52  SCV  
  94  7:59  Hellion  
  94  8:00  Infernal Pre-Igniter, Hellion  
  94  8:02  SCV  
  94  8:03  Orbital Command  
  94  8:04  SCV  
  95  8:12  Hellion x4  
  95  8:15  SCV  
  95  8:17  SCV  
  96  8:27  SCV  
  96  8:28  Siege Tank x3, Terran Vehicle Weapons Level 2  
  96  8:29  SCV  
  96  8:30  SCV  
  107  8:39  Hellion, SCV  
  107  8:41  SCV  
  111  8:44  Refinery  
  111  8:48  Supply Depot  
  111  8:51  Supply Depot, SCV  
  111  8:53  Hellbat x2  
  116  9:06  Supply Depot, SCV  
  116  9:07  Supply Depot  
  116  9:09  Medivac x2, SCV x2  
  125  9:10  Hellbat  
  125  9:12  Siege Tank x2  
  131  9:23  Hellbat  
  133  9:28  Siege Tank, Hellbat x2  
  133  9:30  Supply Depot  
  140  9:32  Supply Depot  
  134  9:40  Hellbat  
  134  9:44  Siege Tank x2  
  142  9:48  Hellbat  
  142  9:50  Hellion x2  
  142  9:52  Medivac x2  
  146  9:56  Terran Vehicle And Ship Armor Level 2, Hellbat x2  
  152  10:00  Siege Tank  
  152  10:04  Supply Depot  
  152  10:05  Supply Depot  
  155  10:07  Supply Depot  
  155  10:11  Command Center  
  155  10:17  Siege Tank x2  
  155  10:18  Hellbat  
  163  10:24  Supply Depot x2  
  163  10:29  Hellbat  
  163  10:32  Siege Tank  
  163  10:34  Viking x2  
  172  10:41  Hellbat  
  174  10:46  Sensor Tower  
  174  10:49  Siege Tank  
  177  10:53  Siege Tank  
  177  10:54  Hellbat  
  182  10:57  Hellbat  
  182  11:04  Viking x2  
  188  11:12  Siege Tank, Hellbat x2  
  195  11:23  Siege Tank  
  195  11:24  Hellbat  
  165  11:26  Hellbat x2  
  161  11:35  Hellbat x2  
  161  11:37  Terran Vehicle Weapons Level 3  
  165  11:45  Hellbat  
  167  11:50  Refinery  
  167  11:52  Siege Tank, Hellbat x2  
  174  11:54  Refinery  
  174  12:02  Planetary Fortress  
  174  12:04  Command Center  
  186  12:15  Hellbat x3  
  186  12:34  Terran Vehicle And Ship Armor Level 3, Missile Turret  
  186  12:36  Missile Turret  
  186  12:39  Cyclone x3  
  186  12:40  Hellbat x4  
  171  13:02  Hellbat  
  173  13:10  Hellbat x2  
  173  13:11  Siege Tank x2, Command Center  
  177  13:17  Medivac  
  177  13:18  Medivac  
  175  13:34  Siege Tank  
  175  13:35  Hellbat  
  180  13:43  Siege Tank  
  180  13:45  Siege Tank  
  180  13:46  Hellbat x2  
  180  13:47  Viking x2  
  178  13:51  Mag-Field Accelerator  
  178  13:56  Command Center  
  178  14:06  Siege Tank  
  178  14:08  Refinery  
  178  14:09  Hellbat x2  
  168  14:11  Refinery  
  168  14:15  Siege Tank  
  168  14:16  Hellbat  
  152  14:17  Siege Tank  
  147  14:26  Hellbat  
  147  14:31  Hellbat  
  149  14:32  Planetary Fortress  
  149  14:34  SCV x2  
  149  14:36  Refinery  
  151  14:38  Siege Tank, Orbital Command  
  151  14:45  Viking  
  156  14:47  Viking  
  158  14:58  Missile Turret  
  167  15:09  Hellbat  
  169  15:15  Cyclone x3  
  169  15:16  Hellbat  
  169  15:17  Hellbat  
  169  15:19  Orbital Command  
  173  15:27  Liberator  
  173  15:28  Liberator  
  173  15:32  Hellbat  
  175  15:41  Hellbat x2  
  179  15:47  Cyclone  
  188  15:50  Hellbat x3  
  194  16:00  Hellbat  
  194  16:02  Hellbat  
  188  16:04  SCV  
  185  16:11  Siege Tank  
  185  16:17  SCV  
  171  16:18  SCV  
  171  16:19  Siege Tank x2  
  171  16:20  Hellbat x2  
  176  16:27  Viking x2  
  176  16:28  Hellbat x2  
  184  16:35  Supply Depot  
  184  16:36  Supply Depot x2  
  184  16:39  Missile Turret  
  184  16:41  Hellbat x2  
  184  16:43  Siege Tank  
  191  16:49  Hellbat  
  185  16:57  Viking x2, Siege Tank x2  
  185  16:58  Hellbat  
  183  17:02  Hellbat  
  179  17:12  Hellion x5  
  171  17:26  Cyclone  
  171  17:27  Viking x2  
  171  17:29  Cyclone, Hellbat x2  
  180  17:30  Hellbat, Orbital Command  
  180  17:45  Siege Tank  
  180  17:46  Hellbat  
  185  17:52  Factory x2  
  185  17:53  Factory  
  185  17:57  Viking x2  
  186  18:14  Terran Ship Weapons Level 1  
  186  18:18  Hellbat  
  185  18:23  Missile Turret  
  185  18:24  Missile Turret  
  185  18:29  Hellbat x2  
  189  18:34  Thor  
  189  18:35  Thor x2, Refinery  
  190  18:45  Viking x2  
  182  19:14  Hellion  
  182  19:15  Viking x2  
  168  19:17  Thor x3  
  169  19:31  Factory Tech Lab x3  
  169  19:44  Command Center  
  169  19:45  Viking x2  
  195  20:15  Hellbat x3  
  175  20:21  Siege Tank x3  
  175  20:22  Cyclone  
  175  20:23  Cyclone  
  175  20:24  Cyclone  
  175  20:27  Viking x2  
  197  20:52  Orbital Command  
  196  20:57  Viking x2  
  189  21:08  Hellbat  
  190  21:14  Terran Ship Weapons Level 2  
  191  21:26  Command Center  
  191  21:27  Viking x2  
  195  21:34  Thor x2  
  192  21:50  Planetary Fortress  
  192  21:53  SCV  
  190  21:55  SCV x3  
  190  21:56  SCV  
  190  21:57  Viking x2  
  198  22:06  Hellbat  
  197  22:20  Siege Tank, Hellbat  
  199  22:27  Viking x2  
  189  22:33  Siege Tank, Hellbat x2  
  189  22:34  Siege Tank, Hellbat  
  199  22:43  Siege Tank, Hellbat  
  178  22:55  Siege Tank x2  
  178  22:57  Viking x2  
  176  23:01  Siege Tank  
  176  23:02  Hellbat x2  
  181  23:07  Hellbat  
  181  23:08  Hellbat x2, Siege Tank  
  176  23:15  Hellbat  
  176  23:45  Cyclone x4  
  177  23:56  Hellbat x3  
  177  23:58  Hellbat  
  143  24:17  Thor  
  149  24:34  Viking x2  
  153  24:46  Thor  
  128  25:25  Viking x2  
  128  25:26  Hellion, Siege Tank  
  112  25:30  Hellbat x2  
  82  25:45  Siege Tank x2, Hellbat  
  82  25:46  Hellbat x2  
  94  25:53  Cyclone  
  94  25:56  Hellion  
  97  25:57  Planetary Fortress  
  97  26:03  Siege Tank  
  100  26:11  Siege Tank  
  100  26:12  Hellbat  
  105  26:19  Viking  
  107  26:29  Siege Tank, Hellbat  
  100  26:38  Siege Tank  
  103  26:43  Orbital Command  
  103  26:46  Siege Tank, Hellbat x2  
  108  26:50  Refinery  
  108  26:56  Siege Tank, Hellbat  
  108  27:00  Hellbat  
  115  27:06  Siege Tank  
  116  27:18  Siege Tank  
  116  27:19  Hellbat  
  119  27:23  Siege Tank  
  116  27:52  SCV x4  
  118  27:59  Cyclone x4  
  118  28:01  Cyclone  
  116  28:31  Viking x2  
  116  28:33  Siege Tank x2, Hellbat  
  124  28:35  Siege Tank  
  124  28:38  Hellbat  
  125  28:44  Liberator x2  
  125  28:45  Siege Tank  
  125  28:46  Hellbat  
  136  29:08  Siege Tank x2  
  114  29:16  Siege Tank  
  102  29:20  Orbital Command  
  94  29:26  Hellbat x2  
  94  29:28  Hellbat  
  97  29:33  SCV x3  
  97  29:36  Hellbat  
  102  29:41  Refinery  
  102  29:45  Hellbat x2  
  106  29:48  SCV x2  
  106  29:49  SCV  
  109  30:05  Cyclone x3  
  113  30:29  Hellion, Hellbat  
  113  30:30  Hellion x5  
  124  30:37  Hellbat  
  126  30:43  Siege Tank  
  126  30:51  Hellbat x2  
  126  30:52  Hellbat x4  
  138  30:58  SCV x2  
  138  31:01  Refinery  
  135  31:06  Siege Tank  
  135  31:07  Hellbat x2  
  128  31:12  Hellbat  
  128  31:15  Hellbat x2  
  127  31:19  Hellion  
  127  31:20  Hellion x19  
  133  31:28  Hellion x4  
  133  31:29  Siege Tank  
  133  31:33  Hellbat  
  133  31:36  Hellbat  
  135  31:43  SCV x2  
Tags
 
Add a new tag
Caveats
  • Supply blocks, unpowered buildings, or Contaminate may cause inaccurate times.
  • Supply counts are checked every 10 seconds.